 Dungeon Crawl Stone Soup version 0.15-a0-198-g2f4809b (webtiles) character file.

1048 PolkaDot the Cutter (level 7, -1/46 (50) HPs)
             Began as a Vampire Death Knight on Apr 23, 2014.
             Was a Priest of Yredelemnul.
             Slain by an iguana (5 damage)
             ... on Level 5 of the Dungeon.
             The game lasted 00:17:00 (4788 turns).

PolkaDot the Cutter (Vampire Death Knight)          Turns: 4788, Time: 00:17:00

HP  -1/46 (50)   AC  3     Str 12      XL: 7   Next: 34%
MP  12/12        EV 16     Int 13      God: Yredelemnul [***...]
Gold 366         SH  0     Dex 20      Spells:  0 memorised,  6 levels left

rFire  . . .     SeeInvis +     a - +1 short sword
rCold  . . .     Clarity  +     b - +0 leather armour
rNeg   + + .     Conserve .     (no shield)
rPois  .         rCorr    .     (no helmet)
rElec  .         rRot     .     (no cloak)
SustAb + .       Spirit   .     (no gloves)
rMut   .         Warding  .     (no boots)
Saprov . . .     Stasis   .     m - amulet of clarity {unknown}
MR     .....                    k - cursed ring of sustain abilities {unknown}
                                x - ring of positive energy {unknown}

@: agile, not resistant to hostile enchantments, quite stealthy
A: bottle blood, fangs 3, see invisible, unbreathing
a: Bat Form, Bottle Blood, Animate Dead, Recall Undead Slaves, Injury Mirror,
Renounce Religion


You were on level 5 of the Dungeon.
You worshipped Yredelemnul.
Yredelemnul was most pleased with you.
You were not thirsty.

You visited 1 branch of the dungeon, and saw 5 of its levels.

You collected 366 gold pieces.

Inventory:

Hand weapons
 a - a +1,+1 short sword (weapon)
Armour
 b - a +0 leather armour (worn)
Scrolls
 c - a scroll of enchant armour {unknown}
 d - 7 scrolls of identify {unknown}
 f - 2 scrolls of magic mapping {unknown}
 h - 3 scrolls of enchant weapon I {unknown}
 i - a scroll of immolation {unknown}
 j - 2 scrolls of fog {unknown}
 l - 3 scrolls of teleportation {unknown}
 n - a scroll of random uselessness {unknown}
 o - 2 scrolls of blinking {unknown}
 p - a scroll of fear {unknown}
 r - a scroll of amnesia {unknown}
 s - 2 scrolls of remove curse {unknown}
 y - a scroll of recharging {unknown}
Jewellery
 k - a cursed ring of sustain abilities (right hand) {unknown}
 m - an amulet of clarity (around neck) {unknown}
 x - a ring of positive energy (left hand) {unknown}
Potions
 e - a potion of might {unknown}
 g - a potion of heal wounds {unknown}
 t - a potion of poison {unknown}
 v - a potion of magic {unknown}
 w - a potion of lignification {unknown}
 z - a potion of flight {unknown}


   Skills:
 - Level 2.0 Fighting
 * Level 7.7 Short Blades
 - Level 0.7 Armour
 - Level 1.1 Dodging
 - Level 2.4 Stealth
 + Level 4.2 Invocations


You had 6 spell levels left.
You didn't know any spells.

Dungeon Overview and Level Annotations

Branches:
Dungeon (5/15)             Temple (0/1) D:4

Altars:
Jiyva


Innate Abilities, Weirdness & Mutations

You can bottle blood from corpses.
You have razor-sharp teeth.*
You have supernaturally acute eyesight.
You can survive without breathing.*


Message History

Your orc zombie hits the iguana.
The iguana bites your orc zombie but does no damage.
You hit the iguana but do no damage.
The iguana is heavily wounded.
The iguana bites you!
You closely miss the iguana.
The iguana is heavily wounded.
Your orc zombie barely misses the iguana.
You barely miss the iguana.
The iguana is heavily wounded.
The iguana bites you!
* * * LOW HITPOINT WARNING * * *
An adder comes into view.
Your orc zombie hits the iguana but does no damage.
You see here a club.
Drink which item? (? for menu, Esc to quit)
You feel agile all of a sudden. The iguana bites you.
You die...
Yredelemnul claims you as an undead slave.

#........# #..#####z#
...# #.####### #..#
#.....<.### #.<#
#....###...
#..#####.#.## #.#
##.%.....#.# #.#
###.#####.## ##.## #.#
###.###l@.# ##.##
#...z.z)..#
###..z###.###.#...#
...#.#z##.##..........
#.##.##.#z##...$.......
<.......z.##..........#
#)##.##.#######.[.##>#
.z.#.#.## #...# S
###)..## #...#


You could see an iguana, an adder (sleeping), a friendly goblin zombie and a
friendly orc zombie.

Vanquished Creatures
  2 hounds (D:4)
  3 orc priests
  2 orc wizards
  Ijyb (D:4)
  4 adders
  3 giant mites
  2 worms (D:2)
  5 giant geckos
  4 oozes
  8 orcs
  4 giant cockroaches
  13 goblins
  11 hobgoblins
  8 jackals
  3 ball pythons (D:2)
  10 bats
  4 giant newts
  A hobgoblin skeleton (D:4)
  7 kobolds
  8 rats
103 creatures vanquished.

Vanquished Creatures (collateral kills)
  Edmund (D:4)
  A necrophage (D:5)
  A phantom (D:4)
  A crimson imp (D:3)
  A worker ant (D:4)
  A hound skeleton (D:4)
  2 adders
  2 worms
  An ooze (D:2)
  3 orcs
  2 giant cockroaches
  2 goblins
  2 hobgoblins (D:3)
  8 jackals
  2 kobolds
  A quokka (D:5)
  A giant newt (D:4)
  3 rats
35 creatures vanquished.

Vanquished Creatures (others)
  A minotaur (D:1)
  An elf (D:1)
  2 trolls (D:1)
  A spriggan (D:1)
  A human (D:1)
  2 ogres (D:1)
  2 centaurs (D:1)
  2 mummies (D:1)
  2 orc zombies (D:4)
  An orc (D:1)
  A ball python skeleton (D:2)
  A giant mite zombie (D:4)
  A giant newt zombie (D:4)
  A goblin skeleton (D:3)
  2 goblin zombies
  A hobgoblin zombie (D:5)
  A jackal skeleton (D:3)
  2 kobolds (D:1)
  A rat skeleton (D:5)
  A rat zombie (D:4)
  7 tentacles (D:1)
  43 tentacle segments (D:1)
77 creatures vanquished.

Grand Total: 215 creatures vanquished

Notes
Turn   | Place    | Note
--------------------------------------------------------------
     0 | D:1      | PolkaDot, the Vampire Death Knight, began the quest for the Orb.
     0 | D:1      | Reached XP level 1. HP: 16/16 MP: 1/1
     2 | D:1      | Noticed an elf
     2 | D:1      | Noticed an ogre
     2 | D:1      | Noticed a troll
     2 | D:1      | Noticed a troll
     2 | D:1      | Noticed a minotaur
     2 | D:1      | Noticed a centaur
     2 | D:1      | Noticed a kraken
     2 | D:1      | Noticed an ogre
     2 | D:1      | Noticed a centaur
     2 | D:1      | Noticed a human
     2 | D:1      | Noticed a spriggan
     4 | D:1      | Killed a troll
     4 | D:1      | Killed a spriggan
     8 | D:1      | Killed a centaur
     8 | D:1      | Killed a human
     8 | D:1      | Killed an ogre
    10 | D:1      | Killed a troll
    11 | D:1      | Killed a minotaur
    11 | D:1      | Killed an ogre
    13 | D:1      | Killed an elf
    13 | D:1      | Killed a centaur
   196 | D:1      | Reached skill level 3 in Short Blades
   196 | D:1      | Reached XP level 2. HP: 13/22 MP: 2/2
   497 | D:1      | Reached skill level 1 in Stealth
   689 | D:1      | Reached XP level 3. HP: 24/27 MP: 4/4
   742 | D:1      | Acquired Yredelemnul's second power
  1039 | D:2      | Reached skill level 4 in Short Blades
  1173 | D:2      | Reached XP level 4. HP: 33/33 MP: 5/5
  1637 | D:2      | Found a viscous altar of Jiyva.
  2250 | D:3      | Acquired Yredelemnul's third power
  2439 | D:3      | Reached XP level 5. HP: 32/38 MP: 7/7
  2458 | D:3      | Reached skill level 5 in Short Blades
  3167 | D:4      | Noticed Ijyb
  3198 | D:4      | Killed Ijyb
  3210 | D:4      | Found a staircase to the Ecumenical Temple.
  3291 | D:4      | Received a gift from Yredelemnul
  3338 | D:4      | Noticed a phantom
  3342 | D:4      | Noticed Edmund
  3346 | D:4      | Killed a phantom
  3346 | D:4      | Reached XP level 6. HP: 26/44 MP: 10/10
  3349 | D:4      | Killed Edmund
  3349 | D:4      | Reached skill level 6 in Short Blades
  3601 | D:4      | HP: 1/44 [orc/trident (4)]
  4137 | D:4      | Reached skill level 7 in Short Blades
  4137 | D:4      | Received a gift from Yredelemnul
  4345 | D:5      | Entered Level 5 of the Dungeon
  4368 | D:5      | Noticed a necrophage
  4378 | D:5      | Reached XP level 7. HP: 28/49 MP: 10/12
  4392 | D:5      | Killed a necrophage
  4708 | D:5      | Received a gift from Yredelemnul
  4788 | D:5      | Slain by an iguana

Action                   |  1- 3 |  4- 6 |  7- 9 || total
-------------------------+-------+-------+-------++-------
Melee: Short sword       |   131 |   317 |    48 ||   496
Invok: Animate Remains   |     3 |     7 |       ||    10
       Animate Dead      |       |    14 |     5 ||    19
  Use: Potion            |     1 |     4 |     5 ||    10
 Stab: Sleeping          |     2 |     3 |       ||     5
       Invisible         |       |     1 |     2 ||     3
